 Dungeon Crawl Stone Soup version 0.21-a0-78-g82a99e0 (webtiles) character file.

6746 Kidiri the Skirmisher (level 10, -34/60 HPs)
             Began as a Demonspawn Transmuter on June 21, 2017.
             Was a Believer of Wu Jian.
             Killed from afar by a wretched star (37 damage)
             ... with an orb of energy
             ... on level 2 of the Abyss.
             The game lasted 00:38:31 (7586 turns).

Kidiri the Skirmisher (Demonspawn Transmuter)       Turns: 7586, Time: 00:38:31

Health: -34/60     AC:  3    Str: 21      XL:     10   Next: 75%
Magic:  16/16      EV: 20    Int: 16 (17) God:    Wu Jian [**....]
Gold:   549        SH:  0    Dex: 13 (14) Spells: 0/20 levels left

rFire    . . .     SeeInvis .     - Unarmed
rCold    + + .     Gourm    .   (no shield)
rNeg     . . .     Faith    .   O - +0 robe {Archmagi}
rPois    .         Spirit   .   (helmet restricted)
rElec    .         Reflect  .   v - scarf {rC+ rF+}
rCorr    .         Harm     .   g - +1 pair of gloves
MR       .....     Rnd*Rage +   (no boots)
Stlth    ++++......             k - amulet of regeneration
HPRegen  0.60/turn              b - ring of ice
MPRegen  0.15/turn              (no ring)

@: mighty, agile
A: claws 1, horns 1, talons 1, [berserk 2], blink, clever 1, [clumsy 2],
[deformed body], deterioration 1[+1], [frail 2], high mp 1, [low mp 2], powered
by death 1, powered by pain 2, strong 1, evolution 1, MP-powered wands
a: Blink, Renounce Religion


You were on level 2 of the Abyss.
You worshipped Wu Jian.
Wu Jian was pleased with you.
You were not hungry.

You visited 2 branches of the dungeon, and saw 10 of its levels.
You visited the Abyss 1 time.

You collected 549 gold pieces.

Inventory:

Missiles
 a - 161 arrows
Armour
 g - a +1 pair of gloves (worn)
 v - a scarf of resistance (worn)
 w - a +2 robe of positive energy
 O - a +0 robe of the Archmagi (worn)
Jewellery
 b - a ring of ice (left hand)
 k - an amulet of regeneration (around neck)
 u - an uncursed amulet of faith
 z - an uncursed ring of fire
Wands
 l - a wand of digging (9/24)
 t - a wand of random effects (22/48)
 C - a wand of flame (28/48)
 I - a wand of acid (7/15)
 K - a wand of iceblast (3/15)
Scrolls
 f - 3 scrolls of magic mapping
 h - a scroll of fear
 i - 3 scrolls of remove curse
 j - a scroll of amnesia
 y - a scroll of vulnerability
 D - 2 scrolls of fog
 F - 4 scrolls of teleportation
 M - a scroll of enchant weapon
Potions
 e - a potion of curing
 m - 2 potions of flight
 o - 4 potions of magic
 p - 3 potions of berserk rage {unknown}
 q - 2 potions of might
 r - 2 potions of heal wounds
 x - a potion of brilliance
 B - a potion of invisibility
 G - a potion of cancellation
 H - a potion of agility
 J - a potion of haste {unknown}
Books
 c - a book of Changes

   Spells                             Type                      Level
   a - Beastly Appendage              Transmutation                1
   b - Sticks to Snakes               Transmutation                2
   c - Spider Form                    Transmutation/Poison         3
   d - Ice Form                       Ice/Transmutation            4
   e - Blade Hands                    Transmutation                5
 s - a book of Misfortune

   Spells                             Type                      Level
   a - Confusing Touch                Hexes                        1
   b - Confuse                        Hexes                        3
   c - Gell's Gravitas                Translocation                3
   d - Petrify                        Transmutation/Earth          4
   e - Metabolic Englaciation         Hexes/Ice                    5
   f - Yara's Violent Unravelling     Hexes/Transmutation          5
 A - a book of Cantrips

   Spells                             Type                      Level
   a - Confusing Touch                Hexes                        1
   b - Animate Skeleton               Necromancy                   1
   c - Summon Small Mammal            Summoning                    1
   d - Apportation                    Translocation                1
Comestibles
 d - 6 bread rations
 n - 3 meat rations
 E - 3 fruits
 L - a royal jelly
 N - 3 chunks of flesh


   Skills:
 * Level 6.2 Fighting
 + Level 4.1 Armour
 * Level 6.1 Dodging
 * Level 4.9 Stealth
 * Level 6.0 Unarmed Combat
 * Level 5.8 Spellcasting
 + Level 1.0 Hexes
 * Level 5.5 Transmutations
 + Level 3.6 Ice Magic
 + Level 0.8 Earth Magic
 + Level 3.8 Poison Magic


You couldn't memorise any spells.
You knew the following spells:

 Your Spells              Type           Power        Failure   Level  Hunger
a - Beastly Appendage     Tmut           ####..       1%          1    None
b - Sticks to Snakes      Tmut           ####....     2%          2    #......
c - Spider Form           Tmut/Pois      ####......   6%          3    ##.....
d - Ice Form              Ice/Tmut       #####...     21%         4    ####...
e - Blade Hands           Tmut           ####......   36%         5    ######.
f - Confusing Touch       Hex            ##....       10%         1    None
g - Petrify               Tmut/Erth      ###.....     36%         4    ####...


Dungeon Overview and Level Annotations

Branches:
Dungeon (9/15)             Temple (1/1) D:4
   Lair: D:8-11         Orc: D:9-12

Altars:
Ashenzari
Cheibriados
Dithmenos
Elyvilon
Fedhas
Gozag
Hepliaklqana
Kikubaaqudgha
Makhleb
Nemelex Xobeh
Okawaru
Qazlal
Ru
Sif Muna
Trog
Uskayaw
Vehumet
Wu Jian
Xom
Yredelemnul
Zin
The Shining One

Shops:
D:4 (:=

Annotations:
D:9 Erolcha


Innate Abilities, Weirdness & Mutations

You have sharp fingernails.
You have a pair of small horns on your head.
You have sharp toenails.
You regenerate a little health from kills.
You sometimes gain power by taking damage.
You can translocate small distances at will.
Your mind is acute. (Int +2)
You have an increased reservoir of magic. (+10% MP)
Your muscles are strong. (Str +2)
You evolve.
You expend magic power (3 MP) to strengthen your wands.
[You often lose your temper in combat.]
[You are very clumsy. (Dex -4)]
[Armour fits poorly on your strangely shaped body.]
[Your body often deteriorates upon taking damage.]
[You are very frail. (-20% HP)]
[Your magical capacity is very low. (-20% MP)]


Message History

The wretched star pulses with an eldritch light!
Your body twists and deforms.
You feel frail. x2
Unknown command.
The wretched star pulses with an eldritch light!
You feel less energetic. x2
A small abomination comes into view.
The small abomination moves out of view.
The wretched star glows turbulently.
The orb of energy hits you!
* * * LOW HITPOINT WARNING * * *
Your body deteriorates!
You feel dopey.
You focus on the pain.
You feel very mighty all of a sudden.
The orb of energy explodes!
You hear a bark!
You blink.
You feel slightly more hungry.
The wretched star glows turbulently.
The orb of energy hits you!
Ouch! That really hurt!
You die...

.... ........## ....
............# ..
.....#........#..##..
...............#...#.
.....................
......#...#..#....)..
.........#...........
.......ยง.#...........
.............@.......
.................#.#..
..................... #
......).....*.......#. ...#
.
#....................##....
. ........#............
$..#. .
...............h...... ....
#... ................. ...
. .
...#......................


You could see a wretched star and a raiju (wandering).

Vanquished Creatures
  Erica (D:8)
  The ghost of grindst0ne the Protected, a novice FoFi of Ru (D:8)
  Pikel (D:6)
  Psyche (D:8)
  A hippogriff (D:8)
  Prince Ribbit (D:9)
  6 yaks (D:7)
  Eustachio (D:6)
  Menkaure (D:5)
  Edmund (D:5)
  An orc warrior (D:7)
  4 ogres
  A phantom (D:8)
  A slave (D:6)
  5 sky beasts
  3 centaurs
  4 bullfrogs
  2 scorpions
  8 killer bees
  4 wights (D:8)
  2 howler monkeys
  4 crimson imps
  An orc priest (D:6)
  4 hounds
  3 jellies
  Jessica (D:2)
  A bullfrog skeleton (D:6)
  5 iguanas
  Natasha (twice) (D:2)
  7 orc wizards
  3 worker ants (D:7)
  A hound zombie (D:7)
  3 gnolls (D:2)
  9 adders
  2 oozes
  3 worms (D:2)
  A dart slug (D:1)
  2 leopard geckos
  13 orcs
  4 giant cockroaches
  8 goblins
  4 hobgoblins
  3 jackals
  3 kobolds (D:3)
  3 quokkas
  A ball python (D:4)
  5 bats
  6 frilled lizards
  A quokka zombie (D:7)
  5 rats
158 creatures vanquished.

Vanquished Creatures (others)
  5 dream sheep (D:5)
  A slave (D:6)
  A scorpion (D:6)
  A crimson imp (D:6)
  A centaur skeleton (D:6)
9 creatures vanquished.

Grand Total: 167 creatures vanquished

Notes
Turn   | Place    | Note
-------+----------+-------------------------------------------
     0 | D:1      | Kidiri the Demonspawn Transmuter began the quest for the Orb.
     0 | D:1      | Reached XP level 1. HP: 15/15 MP: 3/3
   190 | D:1      | Gained mutation: You sometimes gain a little power by taking damage. [demonic ancestry]
   190 | D:1      | Reached XP level 2. HP: 21/21 MP: 3/5
   194 | D:1      | Learned a level 2 spell: Sticks to Snakes
   670 | D:2      | Noticed Jessica
   677 | D:2      | Killed Jessica
   677 | D:2      | Reached skill level 1 in Armour
   677 | D:2      | Reached skill level 1 in Stealth
   677 | D:2      | Gained mutation: You sometimes gain power by taking damage. [demonic ancestry]
   677 | D:2      | Reached XP level 3. HP: 15/26 MP: 6/6
   743 | D:2      | Learned a level 3 spell: Spider Form
   897 | D:2      | Reached XP level 4. HP: 33/33 MP: 0/7
   992 | D:2      | Noticed Natasha
  1000 | D:2      | Killed Natasha
  1548 | D:2      | Noticed Natasha
  1559 | D:2      | Killed Natasha
  1559 | D:2      | Reached XP level 5. HP: 8/38 MP: 2/8
  1711 | D:3      | Gained mutation: You do not regenerate when monsters are visible. [potion of mutation]
  1711 | D:3      | Gained mutation: You have a pair of small horns on your head. [potion of mutation]
  1711 | D:3      | Gained mutation: You are weak. (Str -2) [potion of mutation]
  1711 | D:3      | Gained mutation: Your system is resistant to poisons. (rPois) [potion of mutation]
  2609 | D:4      | Found Keofaff's Book Shoppe.
  2622 | D:4      | Found a glowing golden altar of the Shining One.
  2625 | D:4      | Noticed an ogre
  2644 | D:4      | Killed an ogre
  2644 | D:4      | Gained mutation: You have sharp fingernails. [demonic ancestry]
  2644 | D:4      | Reached XP level 6. HP: 46/46 MP: 8/10
  2732 | D:4      | Found Wonu's Jewellery Shoppe.
  2896 | D:4      | Learned a level 4 spell: Ice Form
  2940 | D:4      | Reached skill level 1 in Poison Magic
  2970 | D:4      | Found Ethyifyr's Antique Weapon Shop.
  3028 | D:4      | Found a staircase to the Ecumenical Temple.
  3281 | D:5      | Entered Level 5 of the Dungeon
  3300 | D:5      | Noticed a sky beast
  3308 | D:5      | Killed a sky beast
  3308 | D:5      | Reached XP level 7. HP: 34/52 MP: 7/11
  3312 | D:5      | Gained mutation: You are very weak. (Str -4) [mutagenic meat]
  3313 | D:5      | Lost mutation: Your system is resistant to poisons. (rPois) [mutagenic meat]
  3385 | D:5      | Noticed Edmund
  3402 | D:5      | Killed Edmund
  3506 | D:5      | Reached skill level 1 in Ice Magic
  3633 | D:5      | Lost mutation: You have a pair of small horns on your head. [potion of mutation]
  3633 | D:5      | Lost mutation: You do not regenerate when monsters are visible. [potion of mutation]
  3633 | D:5      | Lost mutation: You are very weak. (Str -4) [potion of mutation]
  3633 | D:5      | Lost mutation: You are weak. (Str -2) [potion of mutation]
  3633 | D:5      | Gained mutation: [Your body sometimes deteriorates upon taking damage.] [potion of mutation]
  3633 | D:5      | Gained mutation: You can translocate small distances at will. [potion of mutation]
  3633 | D:5      | Gained mutation: You have a pair of small horns on your head. [potion of mutation]
  3633 | D:5      | Gained mutation: You evolve. [potion of mutation]
  3673 | D:5      | Found a snail-covered altar of Cheibriados.
  3674 | D:5      | Found a sacrificial altar of Ru.
  3674 | D:5      | Found a shadowy altar of Dithmenos.
  3675 | D:5      | Found an opulent altar of Gozag.
  3692 | D:5      | Noticed Menkaure
  3706 | D:5      | Killed Menkaure
  3858 | D:5      | Found a shimmering altar of Xom.
  3858 | D:5      | Noticed a dream sheep
  3858 | D:5      | Noticed a dream sheep
  3858 | D:5      | Noticed a dream sheep
  3858 | D:5      | Noticed a dream sheep
  3858 | D:5      | Noticed a dream sheep
  3862 | D:5      | Killed a dream sheep
  3862 | D:5      | Killed a dream sheep
  3863 | D:5      | Killed a dream sheep
  3864 | D:5      | Killed a dream sheep
  3864 | D:5      | Killed a dream sheep
  4248 | D:4      | Gained mutation: Your mind is acute. (Int +2) [evolution]
  4302 | D:4      | Gained mutation: You regenerate a little health from kills. [demonic ancestry]
  4302 | D:4      | Reached XP level 8. HP: 43/58 MP: 9/13
  4308 | Temple   | Entered the Ecumenical Temple
  4319 | Temple   | Became a worshipper of the Wu Jian Council
  4469 | D:6      | Gained mutation: You have sharp toenails. [mutagenic meat]
  4470 | D:6      | Gained mutation: You expend magic power (3 MP) to strengthen your wands. [mutagenic meat]
  4487 | D:6      | Noticed Pikel
  4559 | D:6      | Killed Pikel
  4632 | D:6      | Learned a level 5 spell: Blade Hands
  4733 | D:6      | Found a radiant altar of Vehumet.
  4983 | D:6      | Mutation became permanent: You have a pair of small horns on your head. [demonic ancestry]
  4983 | D:6      | Gained mutation: You have a pair of small horns on your head. [demonic ancestry]
  4983 | D:6      | Reached XP level 9. HP: 48/66 MP: 9/15
  5031 | D:6      | Noticed Eustachio
  5032 | D:6      | Found a radiant altar of Vehumet.
  5046 | D:6      | Killed Eustachio
  5323 | D:7      | Reached * piety under Wu Jian
  5326 | D:7      | Reached skill level 5 in Dodging
  5326 | D:7      | Reached skill level 5 in Unarmed Combat
  5340 | D:7      | Reached skill level 5 in Fighting
  5435 | D:7      | Reached skill level 5 in Spellcasting
  5941 | D:7      | Gained mutation: Your muscles are strong. (Str +2) [mutagenic meat]
  5943 | D:7      | Gained mutation: You have an increased reservoir of magic. (+10% MP) [mutagenic meat]
  6128 | D:8      | Noticed grindst0ne's ghost (novice FoFi)
  6271 | D:8      | Mutation became permanent: You have sharp toenails. [demonic ancestry]
  6271 | D:8      | Gained mutation: You have sharp toenails. [demonic ancestry]
  6271 | D:8      | Reached XP level 10. HP: 70/74 MP: 15/19
  6472 | D:8      | Reached skill level 5 in Transmutations
  6589 | D:8      | Noticed Psyche
  6616 | D:8      | Killed Psyche
  6757 | D:8      | Reached ** piety under Wu Jian
  7146 | D:8      | Killed grindst0ne's ghost
  7256 | D:8      | Learned a level 1 spell: Confusing Touch
  7261 | D:8      | Learned a level 4 spell: Petrify
  7313 | D:9      | Noticed Erica
  7330 | D:8      | Killed Erica
  7399 | D:9      | Noticed Prince Ribbit
  7416 | D:9      | Killed Prince Ribbit
  7481 | D:9      | Reached skill level 1 in Hexes
  7482 | D:9      | Noticed Erolcha
  7509 | D:9      | Cast into level 2 of the Abyss (Erolcha)
  7546 | Abyss:2  | Noticed a spatial maelstrom
  7552 | Abyss:2  | HP: 3/76 [spatial maelstrom (17)]
  7573 | Abyss:2  | Noticed a wretched star
  7586 | Abyss:2  | Killed from afar by a wretched star

Vault maps used:
D:1:      dpeg_arrival_round_b, minivault_24
D:2:      uniq_natasha, uniq_jessica
D:4:      tso_metal_star, minmay_temple_entry_from_below_a, serial_shops, shop,
          nicolae_shop_stone, kennysheep_mini_moat, feat_on_display
D:5:      kb_xom_exploding_sheep, chequers_temple_overflow_statue_of_worship,
          first_bread, uniq_menkaure, uniq_edmund
D:6:      vehumet_altar_wand_db, basic_altar, kennysheep_generic_room_16,
          uniq_pikel, uniq_eustachio
D:8:      uniq_psyche
D:9:      erik_lair_orcish_takeover, uniq_erica, uniq_erolcha,
          uniq_prince_ribbit1
Temple:   nicolae_temple_no_exploring_needed
Abyss:2:  bh_abyss_xom_lugonu_altar

Skill      XL: |  1  2  3  4  5  6  7  8  9 10 |
---------------+-------------------------------+-----
Transmutations | 2 3 4 5 |  5.5
Armour         | 1 2 3 4 |  4.1
Stealth        | 1 2 3 4 |  4.9
Dodging        | 2 3 4 5 6 |  6.1
Fighting       | 2 3 4 5 6 |  6.2
Unarmed Combat | 3 4 5 6 |  6.0
Spellcasting   | 3 4 5 |  5.8
Poison Magic   | 1 2 3 |  3.8
Ice Magic      | 1 2 3 |  3.6
Hexes          | 1 |  1.0
Earth Magic    | |  0.8

Action                   |  1- 3 |  4- 6 |  7- 9 | 10-12 || total
-------------------------+-------+-------+-------+-------++-------
Melee: Unarmed           |    72 |   181 |   283 |   121 ||   657
       Kick              |     5 |       |     6 |    14 ||    25
       Headbutt          |     3 |    10 |     7 |     4 ||    24
       Punch             |       |     1 |       |     1 ||     2
 Cast: Beastly Appendage |     7 |     3 |     2 |       ||    12
       Spider Form       |     2 |    19 |    28 |    13 ||    62
       Sticks to Snakes  |       |       |     3 |     1 ||     4
       Ice Form          |       |       |     1 |     2 ||     3
       Blade Hands       |       |       |       |     2 ||     2
 Abil: Blink             |       |       |       |     3 ||     3
  Use: Scroll            |     4 |     6 |     8 |     2 ||    20
       Potion            |     2 |     1 |     4 |     1 ||     8
 Stab: Sleeping          |     2 |       |     4 |     1 ||     7
       Distracted        |       |       |       |     1 ||     1
  Eat: Chunk             |       |    10 |    19 |       ||    29
       Fruit             |       |     4 |       |       ||     4
       Bread ration      |       |       |     2 |       ||     2
Armor: Robe              |    13 |    17 |     7 |     5 ||    42
       Skin              |       |     3 |     8 |     1 ||    12
Dodge: Dodged            |    38 |   117 |   204 |    91 ||   450
